 Dungeon Crawl Stone Soup version 0.31-a0-7-g51783674b7 (webtiles) character file.

Game seed: 15154443379647696611

14992 Pimp the Fighter (level 11, -1/101 HPs)
             Began as a Yellow Draconian Fighter on May 5, 2023.
             Was a High Priest of Okawaru.
             Slain by a slime creature (4 damage)
             ... on level 13 of the Dungeon.
             The game lasted 00:27:12 (13792 turns).

Pimp the Fighter (Yellow Draconian Fighter)        Turns: 13792, Time: 00:27:13

Health: -1/101     AC:  9    Str: 21    XL:     11   Next: 96%
Magic:  20/20      EV: 14    Int: 20    God:    Okawaru [*****.]
Gold:   942        SH: 14    Dex: 10    Spells: 23/23 levels left

rFire   . . .        H - +6 broad axe of the Ancients {venom, *Noise Int+9 SInv}
rCold   . . .        k - +3 warlock's mirror {omnireflect}
rNeg    + . .        (body armour unavailable)
rPois   .            (helmet restricted)
rElec   .            (no cloak)
rCorr   +            z - +0 pair of gloves
SInv    +            t - +0 pair of boots
Will    .....        r - amulet of reflection
Stlth   +            f - ring of positive energy
HPRegen 0.36/turn    a - ring of flight
MPRegen 0.17/turn

%: reflection
@: about to teleport, flying, hasted, very quick
A: spit acid, AC +7, unfitting armour, cold-blooded, acid resistance
a: Breathe Acid, Renounce Religion, Heroism, Finesse, Duel


You were on level 13 of the Dungeon.
You worshipped Okawaru.
Okawaru was extremely pleased with you.
You visited 2 branches of the dungeon, and saw 13 of its levels.

You collected 942 gold pieces.

Inventory:

Hand Weapons
 n - the +0 morningstar of Gallantry {flame, rElec rC+ MP+9 Stlth+}
   (Okawaru gifted it to you on level 9 of the Dungeon)

   rC:        It protects you from cold.
   rElec:     It insulates you from electricity.
   MP:        It affects your magic capacity (+9).
   Stlth:     It makes you more stealthy.
 F - the +4 broad axe "Icyum" {flame, Dex+3}
   (You acquired it on level 7 of the Dungeon)

   Dex:       It affects your dexterity (+3).
 H - the +6 broad axe of the Ancients (weapon) {venom, *Noise Int+9 SInv}
   (Okawaru gifted it to you on level 11 of the Dungeon)

   Int:       It affects your intelligence (+9).
   SInv:      It lets you see invisible.
   *Noise:    It may make noises in combat.
 K - a +4 war axe of freezing
Missiles
 x - a throwing net (quivered)
Armour
 b - a +0 buckler
 d - a +0 tower shield
 k - the +3 warlock's mirror (worn) {omnireflect}
   (You acquired it on level 6 of the Dungeon)

   Omnireflect: It can block and reflect piercing ranged attacks and magical
   attacks against the wielder's willpower.
 t - a +0 pair of boots (worn)
 z - a +0 pair of gloves (worn)
Jewellery
 a - a ring of flight (right hand)
 f - a ring of positive energy (left hand)
 m - a ring of resist corrosion
 o - an amulet of guardian spirit
 r - an amulet of reflection (around neck)
 A - an amulet of regeneration
 B - an amulet of the acrobat
 L - the ring of Ruddeym {Ice Fly Str-2 Int+4 Slay+3}
   (You found it on level 13 of the Dungeon)

   [ring of ice]

   It enhances your ice magic.
   Str:       It affects your strength (-2).
   Int:       It affects your intelligence (+4).
   Slay:      It affects your accuracy & damage with ranged weapons and melee
   (+3).
   rF:        It makes you vulnerable to fire.
   rC:        It protects you from cold.
   Fly:       It grants you flight.
Wands
 u - a wand of charming (24)
 w - a wand of digging (4)
 C - a wand of quicksilver (4)
Scrolls
 g - 2 scrolls of immolation
 i - a scroll of teleportation
 l - 4 scrolls of amnesia
 p - 9 scrolls of identify
 y - a scroll of fog {unknown}
 D - 3 scrolls of enchant weapon {unknown}
 G - a scroll of magic mapping {unknown}
 I - 2 scrolls of fear
Potions
 c - 3 potions of might
 e - a potion of flight
 h - a potion of magic
 j - 5 potions of attraction
 q - a potion of lignification
 s - 6 potions of curing
 v - 2 potions of degeneration
 E - a potion of brilliance


   Skills:
 + Level 10.6 Fighting
 + Level 9.4 Axes
 + Level 8.9 Dodging
 + Level 9.7 Shields
 + Level 6.5 Spellcasting


You had 23 spell levels left.
You didn't know any spells.
Your spell library contained the following spells:

 Spells                   Type           Power      Damage    Failure   Level
 Beastly Appendage        Tmut           12%        N/A       12%         1
 Magic Dart               Conj           24%        1d4       12%         1
 Scorch                   Fire           12%        2d6       17%         2
 Wereblood                Tmut           6%         N/A       17%         2
 Mephitic Cloud           Conj/Pois/Air  6%         N/A       34%         3
 Spider Form              Tmut/Pois      6%         N/A       34%         3
 Flame Wave               Conj/Fire      6%         2d5       75%         4
 Call Imp                 Summ           Unusable   N/A       N/A         2
 Summon Cactus Giant      Summ           Unusable   N/A       N/A         6

Dungeon Overview and Level Annotations

Branches:
Dungeon (11/15)            Temple (1/1) D:6            Lair (0/5) D:11
    Orc (0/2) D:11

Altars:
Ashenzari
Cheibriados
Dithmenos
Elyvilon
Fedhas
Gozag
Hepliaklqana
Kikubaaqudgha
Makhleb
Okawaru
Qazlal
Ru
Sif Muna
Trog
Uskayaw
Vehumet
Wu Jian
Xom
Yredelemnul
Zin
The Shining One

Shops:
D:7 ?   D:11 [


Innate Abilities, Weirdness & Mutations

You can spit globs of acid.
Your golden yellow scales are hard. (AC +7)
You cannot fit into any form of body armour.
You are cold-blooded and may be slowed by cold attacks.
You are resistant to acid. (rCorr)


Message History

You block the slime creature's attack. The +5 long sword hits you!!
As you read the scroll of teleportation, it crumbles to dust.
You feel strangely unstable. The slime creature barely misses you.
You block the +5 long sword's attack.
You hit the +3 long sword.
Your tail-slap misses the +3 long sword.
The +3 long sword is moderately damaged.
You closely miss the +5 long sword. You hit the slime creature.
The +3 long sword closely misses you. The +5 long sword hits you!
You block the slime creature's attack. You block the +3 long sword's attack.
The +5 long sword hits you.
You feel yourself speed up. The +3 long sword hits you!
* * * LOW HITPOINT WARNING * * *
You block the +5 long sword's attack.
Two slime creatures merge to form a large slime creature.
The slime creature closely misses you.
The slime creature hits you but does no damage.
The +3 long sword hits you.
* * * LOW HITPOINT WARNING * * *
The +5 long sword hits you.
* * * LOW HITPOINT WARNING * * *
You closely miss the +3 long sword.
You tail-slap the +3 long sword, but do no damage.
The +3 long sword is lightly damaged.
You hit the slime creature but do no damage.
You hit the +5 long sword. You slash the slime creature!
The slime creature closely misses you. You block the slime creature's attack.
The +3 long sword hits you!
* * * LOW HITPOINT WARNING * * *
The +5 long sword hits you!
* * * LOW HITPOINT WARNING * * *
You closely miss the +3 long sword.
Your tail-slap misses the +3 long sword.
The +3 long sword is lightly damaged.
You slash the slime creature! You closely miss the +5 long sword.
You hit the slime creature.
The slime creature is poisoned.
You block the +3 long sword's attack. You block the +5 long sword's attack.
Two slime creatures merge to form a very large slime creature.
The slime creature hits you.
You die...

....... ........
^.....( #.....#
...... ##...#.#
......##....#.## #.
#..........#
#.##......)...#
#.............#
#...#..J(.....# #J)
#.#...c(@.....#
#..####.#....J#######
#.........?J.........
....................
.#........#.#.#.....#
....#...#...#.#.###.#
................... .
........#.......###
...............##


You could see a very large slime creature (very poisoned), 2 slime creatures, a
centaur and 2 dancing weapons.

Vanquished Creatures
  2 two-headed ogres
  A boulder beetle (D:11)
  4 lindwurms (D:8)
  A cyclops (D:11)
  Maggie (D:8)
  A gargoyle (D:11)
  A kobold demonologist (D:9)
  3 trolls
  Sigmund (D:6)
  6 wyverns
  3 shadows
  6 spriggans (D:9)
  2 wraiths (D:11)
  A basilisk (D:13)
  3 yaks (D:11)
  A steam dragon (D:6)
  An acid dragon (D:13)
  3 water moccasins
  3 orc warriors
  2 black bears (D:6)
  4 sky beasts
  An ice beast (D:7)
  3 ogres
  4 centaurs
  4 phantoms
  7 kobold brigands
  7 bullfrogs
  4 gnoll sergeants
  3 scorpions
  18 wights
  10 killer bees
  A howler monkey (D:9)
  4 hounds
  2 jellies
  9 orc priests
  2 gnoll boudas
  An iguana (D:4)
  8 orc wizards
  26 gnolls
  6 adders
  A white imp (D:7)
  An ufetubus (D:5)
  3 worms
  A dart slug (D:2)
  47 orcs
  8 ball pythons
  11 bats
  6 endoplasms
  5 giant cockroaches
  7 hobgoblins
  8 jackals
  25 kobolds
  2 quokkas (D:2)
  3 frilled lizards
  6 goblins
  6 rats
310 creatures vanquished.

Vanquished Creatures (others)
  A kobold (D:8)
1 creature vanquished.

Grand Total: 311 creatures vanquished

Notes
Turn   | Place    | Note
-------+----------+-------------------------------------------
     0 | D:1      | Pimp the Draconian Fighter began the quest for the Orb.
     0 | D:1      | Reached XP level 1. HP: 19/19 MP: 1/1
   116 | D:1      | Reached XP level 2. HP: 26/26 MP: 2/2
   567 | D:1      | Reached XP level 3. HP: 31/31 MP: 3/3
   936 | D:2      | Reached XP level 4. HP: 40/40 MP: 4/4
   956 | D:2      | Reached skill level 4 in Fighting
  1733 | D:3      | Found a bloodstained altar of Trog.
  1967 | D:3      | Reached XP level 5. HP: 46/46 MP: 5/5
  3088 | D:4      | Reached XP level 6. HP: 53/53 MP: 6/6
  3280 | D:5      | Entered Level 5 of the Dungeon
  3405 | D:5      | Reached skill level 5 in Fighting
  3409 | D:5      | Your scales start taking on a golden yellow colour.
  3409 | D:5      | Reached XP level 7. HP: 57/61 MP: 7/7
  3409 | D:5      | Gained mutation: You are resistant to acid. (rCorr) [Yellow
                  | Draconian growth]
  3986 | D:5      | Reached skill level 5 in Shields
  4655 | D:5      | Reached skill level 6 in Fighting
  4791 | D:6      | Found a staircase to the Ecumenical Temple.
  4804 | D:6      | Reached skill level 5 in Axes
  4804 | D:6      | Reached skill level 5 in Dodging
  4804 | D:6      | Reached XP level 8. HP: 43/70 MP: 8/8
  4806 | Temple   | Entered the Ecumenical Temple
  4927 | Temple   | Became a worshipper of Warmaster Okawaru
  5281 | D:6      | Noticed Sigmund
  5290 | D:6      | Killed Sigmund
  5291 | D:6      | Reached skill level 7 in Fighting
  5293 | D:6      | Identified a scroll of acquirement
  5293 | D:6      | Acquired the +3 warlock's mirror {omnireflect}
  5293 | D:6      | Found the +3 warlock's mirror {omnireflect}
  5324 | D:6      | Reached * piety under Okawaru
  5499 | D:6      | Reached skill level 1 in Spellcasting
  5589 | D:6      | Reached XP level 9. HP: 71/79 MP: 10/10
  6174 | D:7      | Found Xix Gan's Magic Scroll Shop.
  6335 | D:7      | Noticed a two-headed ogre
  6335 | D:7      | Noticed a troll
  6354 | D:7      | Acquired the +4 broad axe "Icyum" {flame, Dex+3}
  6358 | D:7      | Reached ** piety under Okawaru
  6383 | D:7      | Reached skill level 8 in Fighting
  6505 | D:7      | Reached *** piety under Okawaru
  6997 | D:7      | Reached XP level 10. HP: 69/89 MP: 15/15
  7388 | D:7      | Killed a two-headed ogre
  7388 | D:7      | Reached **** piety under Okawaru
  7600 | D:8      | Noticed a lindwurm
  7760 | D:8      | Noticed Maggie
  8194 | D:8      | Reached skill level 9 in Fighting
  8382 | D:8      | Noticed a lindwurm
  8382 | D:8      | Noticed a lindwurm
  8421 | D:8      | Noticed a lindwurm
  8441 | D:8      | Killed Maggie
  8522 | D:8      | Killed a lindwurm
  8869 | D:8      | Killed a lindwurm
  9280 | D:8      | Killed a lindwurm
  9280 | D:8      | Reached ***** piety under Okawaru
  9281 | D:8      | Reached skill level 5 in Spellcasting
  9290 | D:8      | Killed a lindwurm
  9291 | D:8      | Reached XP level 11. HP: 47/97 MP: 18/18
  9591 | D:9      | Identified the +0 morningstar of Gallantry {flame, rElec
                  | rC+ MP+9 Stlth+} (Okawaru gifted it to you on level 9 of
                  | the Dungeon)
  9591 | D:9      | Received a gift from Okawaru
 10986 | D:9      | Reached skill level 10 in Fighting
 11807 | D:10     | Entered Level 10 of the Dungeon
 11915 | D:10     | Noticed a two-headed ogre
 11923 | D:10     | Killed a two-headed ogre
 12261 | D:10     | Found a snail-covered altar of Cheibriados.
 12261 | D:10     | Found a sacrificial altar of Ru.
 12265 | D:10     | Found a basalt altar of Yredelemnul.
 12951 | D:11     | Found a staircase to the Lair.
 13207 | D:11     | Noticed a boulder beetle
 13222 | D:11     | Killed a boulder beetle
 13222 | D:11     | Identified the +6 broad axe of the Ancients {venom, *Noise
                  | Int+9 SInv} (Okawaru gifted it to you on level 11 of the
                  | Dungeon)
 13222 | D:11     | Received a gift from Okawaru
 13593 | D:11     | Found a staircase to the Orcish Mines.
 13677 | D:11     | Found Byteddog's Antique Armour Shop.
 13748 | D:11     | You are sucked into a shaft and drop 2 floors!
 13754 | D:13     | Identified the ring of Ruddeym {Ice Fly Str-2 Int+4 Slay+3}
 13779 | D:13     | Noticed a +5 long sword
 13780 | D:13     | Noticed a centaur warrior
 13786 | D:13     | Noticed a +3 long sword
 13791 | D:13     | HP: 3/101 [+5 long sword (8)]
 13792 | D:13     | Slain by a slime creature

Illustrated notes

Levels and vault maps discovered:
D:1:      amcnicky_arrival_single_pillar, layout_loops_ring, chequers_jeans,
          st_stairs_12, minmay_tromino_v4_a
D:2:      layout_rooms
D:3:      layout_basic, bloody_trog, serial_rivers,
          chequers_serial_rivers_micro_e, chequers_serial_rivers_large_a,
          chequers_serial_rivers_room_b, chequers_serial_rivers_large_b,
          minmay_randomly_rotated_circles
D:4:      layout_loops_cross
D:5:      layout_basic, grunt_ministairs_13
D:6:      layout_loops_ring, temple_statues, kennysheep_generic_room_7,
          uniq_sigmund
D:7:      layout_basic, serial_shops, nicolae_shop_trees,
          minmay_misc_feat_columns, mumra_transporter_accident, grunt_potential
D:8:      layout_gridville, minmay_misc_feat_rows, minmay_lindwurm_lava,
          uniq_maggie
D:9:      kb_forest_paths, layout_basic, minmay_misc_feat_nine_boxes
D:10:     layout_irregular_city, minitemple
D:11:     nicolae_cairo_tiling_very_big, layout_basic, serial_shops, shop
D:13:     minmay_outward_triangles, layout_rooms, erik_vaults_1, serial_shops,
          nicolae_shop_hallway_stairs, uniq_erolcha
Temple:   nicolae_temple_bog_church

Skill      XL: |  1  2  3  4  5  6  7  8  9 10 11 |
---------------+----------------------------------+-----
Dodging        | 3 4 5 6 7 8 |  8.9
Fighting       | 4 5 6 7 8 9 10 | 10.6
Axes           | 3 4 5 6 7 8 9 |  9.4
Shields        | 4 5 6 7 8 9 |  9.7
Spellcasting   | 1 3 5 6 |  6.5

Action                     |  1- 3 |  4- 6 |  7- 9 | 10-12 || total
---------------------------+-------+-------+-------+-------++-------
  Melee: War axe           |    80 |   157 |   251 |    78 ||   566
         Tailslap          |     5 |    12 |    47 |    49 ||   113
         Broad axe         |       |       |   104 |   310 ||   414
Ability: Breathe Acid      |       |       |     1 |       ||     1
  Evoke: Wand              |       |       |       |     5 ||     5
    Use: Scroll            |     1 |     7 |     7 |     3 ||    18
         Potion            |       |       |     4 |    21 ||    25
   Stab: Sleeping          |     1 |     2 |       |       ||     3
         Invisible         |       |       |       |     1 ||     1
         Petrifying        |       |       |       |     1 ||     1
 Armour: Skin              |    30 |    46 |    96 |    67 ||   239
  Dodge: Dodged            |    50 |    68 |   172 |   200 ||   490
  Block: Buckler           |     2 |       |   191 |   326 ||   519
         Tower shield      |    52 |   174 |   186 |       ||   412
         Reflection        |       |       |     3 |    26 ||    29

Table legend: (Time is in decaauts)
 A = Elapsed time spent in this place.
 B = Non-inter-level travel time spent in this place.
 C = Inter-level travel time spent in this place.
 D = Time resting spent in this place.
 E = Time spent auto-exploring this place.
 F = Levels seen in this place.
 G = Mean time per level.
                   A        B        C        D        E       F      G
               +--------+--------+--------+--------+--------+-----+--------+
         Total |  14206 |  13702 |    504 |   2994 |   7787 |  13 | 1092.8 |
       Dungeon |  14059 |  13597 |    462 |   2994 |   7702 |  12 | 1171.6 |
        Temple |    146 |    104 |     42 |      0 |     85 |   1 |  146.0 |
               +--------+--------+--------+--------+--------+-----+--------+

Top non-repeatable levels by time:
     D:8: 2350 daAuts
     D:9: 1835 daAuts
     D:7: 1755 daAuts
     D:3: 1397 daAuts
     D:5: 1322 daAuts
     D:6: 1110 daAuts
    D:10: 1096 daAuts
    D:11: 873 daAuts
     D:4: 858 daAuts
     D:1: 741 daAuts
     D:2: 672 daAuts
  Temple: 146 daAuts
    D:13: 45 daAuts
